 Dungeon Crawl Stone Soup version 0.28.0 (webtiles) character file.

Game seed: 7629905539205990803

753 RepoMan the Firebug (level 7, -2/46 HPs)
             Began as a Mummy Fire Elementalist on Feb 6, 2022.
             Shot with an arrow by a centaur (10 damage)
             ... on level 5 of the Dungeon.
             The game lasted 00:32:10 (5001 turns).

RepoMan the Firebug (Mummy Fire Elementalist)       Turns: 5001, Time: 00:32:10

Health: -2/46      AC:  2    Str: 11    XL:     7   Next: 49%
Magic:  8/15       EV: 16    Int: 16    God:
Gold:   191        SH:  5    Dex: 13    Spells: 3/17 levels left

rFire   . . .      SeeInvis .   c - +0 hunting sling (flame)
rCold   + . .      Faith    .   (no shield)
rNeg    + + +      Spirit   .   a - +0 robe
rPois   ∞          Reflect  +   (no helmet)
rElec   .          Harm     .   (no cloak)
rCorr   .          Rampage  .   (no gloves)
Will    .....                   (no boots)
Stlth   ++........              l - amulet of reflection
HPRegen 0.15/turn               g - ring of protection from fire
MPRegen 0.14/turn               h - +4 ring of evasion

@: no status effects
A: cold resistance 1, negative energy resistance 3, torment resistance 2, heat
vulnerability 1, no potions
a: no special abilities


You were on level 5 of the Dungeon.
You visited 1 branch of the dungeon, and saw 5 of its levels.
You also visited: Sewer.

You collected 191 gold pieces.

Inventory:

Hand Weapons
 c - a +0 hunting sling of flaming (weapon)
 f - a +0 short sword of venom
Missiles
 o - 6 sling bullets (quivered ammo)
Armour
 a - a +0 robe (worn)
Jewellery
 g - a ring of protection from fire (left hand)
 h - a +4 ring of evasion (right hand)
 k - a ring of flight
 l - an amulet of reflection (around neck)
Scrolls
 b - 2 scrolls of fear
 d - a scroll of amnesia
 i - 2 scrolls of teleportation
 j - 2 scrolls of identify
 m - 2 scrolls of immolation
 n - a scroll of vulnerability {unknown}


   Skills:
 - Level 1.5 Dodging
 - Level 1.5 Stealth
 + Level 5.5 Spellcasting
 + Level 3.3 Conjurations
 * Level 5.5 Fire Magic


You had 3 spell levels left.
You knew the following spells:

 Your Spells              Type           Power      Damage    Failure   Level
c - Scorch                Fire           44%        2d7       2%          2
g - Apportation           Tloc           8%         N/A       14%         1
i - Inner Flame           Hex/Fire       13%        N/A       14%         3
w - Flame Wave            Conj/Fire      18%        2d6       22%         4
z - Foxfire               Conj/Fire      72%        2x1d7     2%          1
C - Conjure Flame         Conj/Fire      18%        6-21      7%          3

Your spell library contained the following spells:

 Spells                   Type           Power      Damage    Failure   Level
 Animate Skeleton         Necr           8%         N/A       14%         1
 Pain                     Necr           16%        1d4       14%         1
 Summon Small Mammal      Summ           16%        N/A       14%         1
 Ignite Poison            Fire/Tmut/Pois 10%        N/A       21%         3
 Mephitic Cloud           Conj/Pois/Air  8%         N/A       26%         3
 Ozocubu's Armour         Ice            4%         N/A       41%         3
 Freezing Cloud           Conj/Ice/Air   4%         6-21      94%         5
 Agony                    Necr           4%         N/A       99%         5
 Excruciating Wounds      Necr           2%         N/A       99%         5
 Metabolic Englaciation   Hex/Ice        2%         N/A       99%         5
 Simulacrum               Ice/Necr       2%         N/A       100%        6


Dungeon Overview and Level Annotations

Branches:
Dungeon (5/15)              Sewer (visited)
 Temple: D:4-7

Altars:

Shops:
D:3 :

Annotations:
D:3 Robin


Innate Abilities, Weirdness & Mutations

You are immune to poison.
Your flesh is cold resistant. (rC+)
You are immune to negative energy. (rN+++)
You are immune to unholy pain and torment.
You are vulnerable to heat. (rF-)
You do not drink.


Message History

You drop 135 stones.
Things that are here:
a +0 leather armour; a +0 club
m - 2 scrolls of immolation (gained 1)
A centaur comes into view.
Things that are here:
a +0 leather armour; a +0 club Unknown command.
Unknown command.
Casting: Foxfire (safe; 2% risk of failure)
Confirm with . or Enter, or press ? or * to list all spells.
Flames lash the centaur.
The centaur shouts!
The centaur is moderately wounded.
The centaur's fire resistance burns away.
The centaur wields a +0 shortbow.
The centaur shoots an arrow.
The arrow hits you!
The centaur shoots an arrow.
The arrow hits you!
You shoot a sling bullet.
The sling bullet barely misses the centaur.
The centaur shoots an arrow.
The arrow hits you.
You aren't carrying any items that you can evoke.
Unknown command.
Unknown command.
Casting: Scorch (safe; 2% risk of failure)
Confirm with . or Enter, or press ? or * to list all spells.
The spell is quite dangerous to miscast (22% risk of failure)!
Continue anyway?
Casting: Flame Wave (quite dangerous; 22% risk of failure)
Press: ? - help, Dir - look around, f - activate Look: a centaur, wielding a +0 shortbow and quivering arrows (moderately wounded, more vulnerable to fire)
A wave of flame ripples out! (Press . to intensify the flame waves.)
The centaur is no longer more vulnerable to fire.
The centaur shoots an arrow.
The arrow hits you!
A wave of flame ripples out!
The flame wave engulfs the centaur!
The centaur is severely wounded.
The centaur shoots an arrow.
The arrow hits you.
* * * LOW HITPOINT WARNING * * *
The centaur shoots an arrow.
The arrow hits you!
You die...

...#########...####
.### #...# .# #...# .#
#...# .# #...# .# #...#
#...####### ##.##.....#
###(##@###.####
#.)(c.[.......#
#########.####.###.##.#
#..))Y....# #.# #.##.#
#.#######.####.. ..##.#
#.# #...#########.# #.#
###.# #.# ###.###
###.### #.# ......#
#.....# #.#


You could see a centaur.

Vanquished Creatures
  A black bear (D:3)
  An ogre (D:5)
  2 bullfrogs (Sewer)
  A scorpion (D:4)
  2 hounds (D:4)
  An iguana (D:4)
  An orc wizard (D:5)
  8 adders
  3 gnolls (D:5)
  A river rat (D:3)
  An ufetubus (D:4)
  5 worms
  2 dart slugs
  7 orcs
  15 endoplasms
  9 giant cockroaches
  11 goblins
  4 hobgoblins
  4 jackals (D:1)
  13 quokkas
  16 ball pythons
  10 bats
  13 frilled lizards
  8 kobolds
  9 rats
148 creatures vanquished.

Vanquished Creatures (others)
  262 foxfires
262 creatures vanquished.

Grand Total: 410 creatures vanquished

Notes
Turn   | Place    | Note
-------+----------+-------------------------------------------
     0 | D:1      | RepoMan the Mummy Fire Elementalist began the quest for the
                  | Orb.
     0 | D:1      | Reached XP level 1. HP: 13/13 MP: 4/4
   128 | D:1      | Learned a level 1 spell: Apportation
   370 | D:1      | Reached skill level 1 in Conjurations
   370 | D:1      | Reached XP level 2. HP: 18/19 MP: 0/5
   453 | D:1      | Learned a level 2 spell: Scorch
   823 | D:1      | Reached XP level 3. HP: 24/24 MP: 7/7
   827 | D:1      | Learned a level 3 spell: Conjure Flame
  1826 | D:3      | Reached XP level 4. HP: 30/30 MP: 7/9
  1870 | D:3      | Noticed Robin
  1960 | D:3      | Found a glowing drain.
  1991 | Sewer    | Entered a sewer
  2076 | Sewer    | Learned a level 3 spell: Inner Flame
  2369 | Sewer    | Reached XP level 5. HP: 35/35 MP: 7/10
  2558 | Sewer    | Reached XP level 6. HP: 22/41 MP: 5/12
  3409 | D:3      | Found Soxann's Book Shop.
  3727 | D:3      | Found a faded altar of an unknown god.
  4098 | D:4      | Reached skill level 5 in Spellcasting
  4098 | D:4      | Reached skill level 5 in Fire Magic
  4098 | D:4      | Reached XP level 7. HP: 46/46 MP: 9/14
  4116 | D:4      | Learned a level 4 spell: Flame Wave
  4550 | D:5      | Entered Level 5 of the Dungeon
  5001 | D:5      | Shot with an arrow by a centaur

Illustrated notes

Levels and vault maps discovered:
D:1:      noname_arrival_rooms_in_the_neighbourhood, layout_rooms,
          chequers_serial_rivers_micro_e
D:2:      layout_basic, solitary_fountain, nicolae_wormholes
D:3:      layout_basic, hellmonk_ecumenical_altar_pennies_from_heaven,
          serial_shops, shop, cheibrodos_sewer_entry_sluice, uniq_robin
D:4:      layout_gridville, kennysheep_path_1, item_on_display_a
D:5:      layout_loops_cross, uniq_pikel, uniq_sigmund

Skill      XL: |  1  2  3  4  5  6  7 |
---------------+----------------------+-----
Conjurations   | 1 2 3 |  3.3
Spellcasting   | 3 4 5 |  5.5
Fire Magic     | 3 4 5 |  5.5
Dodging        | |  1.5
Stealth        | |  1.5

Action                   |  1- 3 |  4- 6 |  7- 9 || total
-------------------------+-------+-------+-------++-------
 Fire: Hunting sling     |    55 |   104 |    14 ||   173
 Cast: Foxfire           |    47 |    89 |    26 ||   162
       Conjure Flame     |       |       |     3 ||     3
       Inner Flame       |       |       |     3 ||     3
       Scorch            |       |       |     1 ||     1
       Flame Wave        |       |       |     1 ||     1
  Use: Scroll            |       |       |     4 ||     4
Armor: Robe              |     3 |    10 |     1 ||    14
Dodge: Dodged            |    16 |    43 |     5 ||    64
Block: Other             |     2 |    17 |     5 ||    24
